 Dungeon Crawl Stone Soup version 0.31.0-11-ge490571c62 (webtiles) character file.

Game seed: 5140931496970678289

2570 qw the Markself (level 9, -11/51 HPs)
             Began as a Deep Elf Hunter on Feb 3, 2024.
             Was an Initiate of Okawaru.
             Killed from afar by a gargoyle (18 damage)
             ... with a stone arrow
             ... on level 7 of the Dungeon.
             The game lasted 00:00:30 (5993 turns).

qw the Markself (Deep Elf Hunter)                   Turns: 5993, Time: 00:00:30

Health: -11/51     AC: 11    Str: 12    XL:     9   Next: 32%
Magic:  11/11      EV: 14    Int: 14    God:    Okawaru [......]
Gold:   527        SH:  0    Dex: 24    Spells: 8/8 levels left

rFire   + + .        h - +0 longbow (flame)
rCold   . . .        (shield currently unavailable)
rNeg    . . .        i - +4 ring mail of Inaction {rPois rF+ Will++ Str-3}
rPois   +            (no helmet)
rElec   .            (no cloak)
rCorr   .            f - +1 pair of gloves of the Beginning {rF+}
SInv    +            (no boots)
Will    ++...        (no amulet)
Stlth   ++           e - +6 ring of strength
HPRegen 0.28/turn    k - ring of see invisible
MPRegen 0.12/turn

%: no passive effects
@: about to teleport
A: talons 1, agile 1, MP-powered wands
a: Renounce Religion


You were on level 7 of the Dungeon.
You worshipped Okawaru.
Okawaru was noncommittal.
You visited 2 branches of the dungeon, and saw 8 of its levels.
You also visited: Sewer.

You collected 527 gold pieces.


Innate Abilities, Weirdness & Mutations

You have sharp toenails.
You are agile. (Dex +4, Str/Int -1)
You expend magic power (3 MP) to strengthen your wands.


   Skills:
 + Level 3.3 Fighting
 - Level 15.0 Ranged Weapons
 - Level 1.1 Armour
 - Level 6.0 Dodging
 - Level 1.2 Stealth


You had 8 spell levels left.
You didn't know any spells.
Your spell library was empty.

Inventory:

Hand Weapons
 h - a +0 longbow of flaming (weapon)
Armour
 f - the +1 pair of gloves of the Beginning (worn) {rF+}
   (You found it on level 5 of the Dungeon)

   rF+:       It protects you from fire.
 i - the +4 ring mail of Inaction (worn) {rPois rF+ Will++ Str-3}
   (You found it on level 4 of the Dungeon)

   Str-3:     It affects your strength (-3).
   rF+:       It protects you from fire.
   rPois:     It protects you from poison Will++: It greatly increases your
   willpower.
Jewellery
 e - a +6 ring of strength (left hand)
 k - a ring of see invisible (right hand)
Wands
 a - a wand of quicksilver (6)
 d - a wand of iceblast (6)
Scrolls
 b - 2 scrolls of teleportation
 n - 2 scrolls of identify
 o - 2 scrolls of amnesia {unknown}
Potions
 c - a potion of cancellation
 g - 2 potions of curing
 j - a potion of resistance
 l - 2 potions of might
 m - a potion of enlightenment
 p - a potion of degeneration {unknown}
 q - a potion of magic {unknown}

Dungeon Overview and Level Annotations

Branches:
Dungeon (7/15)             Temple (1/1) D:7           Sewer (visited)

Altars:
Ashenzari
Cheibriados
Dithmenos
Elyvilon
Fedhas
Gozag
Hepliaklqana
Kikubaaqudgha
Nemelex Xobeh
Okawaru
Qazlal
Ru
Sif Muna
Trog
Vehumet
Wu Jian
Xom
Yredelemnul
Zin
The Shining One


Message History

The fire bat misses you.
The scorpion stings you but does no damage.
The fire bat barely misses you.
You shoot an arrow. The arrow hits the fire bat!!
You kill the fire bat!
Okawaru accepts your kill. The scorpion misses you.
The scorpion closely misses you.
Your Ranged Weapons skill increases to level 15!
You shoot an arrow. The arrow hits the scorpion.
The arrow burns the scorpion.
The scorpion is lightly wounded.
The scorpion stings you but does no damage.
You shoot an arrow. The arrow hits the scorpion!
The arrow burns the scorpion.
The scorpion is almost dead.
The scorpion stings you but does no damage.
You shoot an arrow. The arrow closely misses the scorpion.
The scorpion stings you. The scorpion closely misses you.
You shoot an arrow. The arrow hits the scorpion!
The arrow burns the scorpion.
You kill the scorpion!
Okawaru accepts your kill.
You start resting.
HP restored.
q - a purple potion You now have 527 gold pieces (gained 16).
There is an open gate here.
You open the door.
A gargoyle comes into view. It is wielding a +0 flail.
The gargoyle hurls a stone arrow at you.
The stone arrow hits you!!
Found 3 stones.
You shoot an arrow. The arrow hits the gargoyle.
The arrow burns the gargoyle.
The gargoyle is moderately damaged.
You shoot an arrow. The arrow hits the gargoyle.
The arrow burns the gargoyle.
The gargoyle is heavily damaged.
The gargoyle hits you with a +0 flail!!
5993 ||| READING 3 scrolls of teleportation.
As you read the scroll of teleportation, it crumbles to dust.
You feel strangely unstable.
The gargoyle hurls a stone arrow at you.
The stone arrow hits you!!
You die...

.........###.......#####.
.........#########.|####.
.......................'.
#.........######.#.##.#.
...##...##...# #.#.##.#.
#8...8###.## #.#..#.##
##...##(#..# #.##.#.#
#+.....9###.# #.##.#.#
#.....@.# #.# #.##.#.#
+.......+ #.# #.##.#.#
#....8....##.# #.##.#.##
#+.......+##.# #.##.....
#.......# #.# #.#####..
#+.....+# #.# #.# ##.
##+.+## #.# #. ##
#.######. #........


You could see a gargoyle.

Vanquished Creatures
  Prince Ribbit (D:6)
  A fire bat (D:7)
  Menkaure (D:5)
  Edmund (D:6)
  A water moccasin (D:7)
  An ice beast (D:6)
  An ogre (D:5)
  2 phantoms
  2 bullfrogs (D:7)
  2 brain worms (Sewer)
  2 scorpions
  2 bombardier beetles
  A howler monkey (D:6)
  7 orc priests
  2 gnoll boudas (D:4)
  7 hounds
  4 jellies
  4 iguanas
  An orc wizard (D:3)
  5 gnolls (D:4)
  5 river rats (Sewer)
  13 adders
  3 shadow imps
  3 dart slugs
  2 ribbon worms
  27 orcs
  3 ball pythons
  6 bats
  9 endoplasms
  6 giant cockroaches
  10 goblins
  11 hobgoblins
  5 jackals
  9 kobolds
  11 quokkas
  9 rats
180 creatures vanquished.

Notes
Turn   | Place    | Note
-------+----------+-------------------------------------------
     0 | D:1      | qw the Deep Elf Hunter began the quest for the Orb.
     0 | D:1      | Reached XP level 1. HP: 12/12 MP: 3/3
     0 | D:1      | 0 ||| qw: Version: 0.3-a-157-g843a77d
     0 | D:1      | 0 ||| qw: Game counter: 3813
     0 | D:1      | 0 ||| qw: Melee chars always use a shield: true
     0 | D:1      | 0 ||| qw: God list: Okawaru
     0 | D:1      | 0 ||| qw: Allow faded altars: false
     0 | D:1      | 0 ||| qw: Do Orc after clearing Dungeon:15 true
     0 | D:1      | 0 ||| qw: Do second Lair branch before Depths: true
     0 | D:1      | 0 ||| qw: Lair rune preference: random
     0 | D:1      | 0 ||| qw: Goals: Normal
     0 | D:1      | 0 ||| PLANNING D:1-11
    95 | D:1      | Reached skill level 6 in Ranged Weapons
    95 | D:1      | Reached XP level 2. HP: 16/16 MP: 4/4
   131 | D:1      | Found a faded altar of an unknown god.
   436 | D:1      | 436 ||| UPGRADING to +0 ring mail.
   446 | D:1      | 446 ||| DROPPING +0 leather armour.
   447 | D:1      | 447 ||| UPGRADING to +6 ring of strength.
   448 | D:1      | 448 ||| READING scroll labelled XITWOUDURI.
   448 | D:1      | 448 ||| BRANDING +0 shortbow.
   449 | D:1      | 449 ||| DROPPING scroll of butterflies.
   518 | D:2      | Reached XP level 3. HP: 20/20 MP: 5/5
   788 | D:2      | Reached skill level 7 in Ranged Weapons
   996 | D:2      | Reached XP level 4. HP: 18/25 MP: 6/6
  1186 | D:2      | 1186 ||| READING scroll labelled VAOPONEYHOA.
  1187 | D:2      | 1187 ||| READING scroll labelled ERE ATHRYVANI.
  1288 | D:2      | 1288 ||| READING scroll labelled TOONAZ YKI.
  1289 | D:2      | 1289 ||| READING scroll labelled VUTARU CAFUUCI.
  1293 | D:2      | 1293 ||| READING scroll labelled NETAID AZOBRICH.
  1293 | D:2      | 1293 ||| IDENTIFYING silvery potion
  1294 | D:2      | 1294 ||| READING scroll labelled ROCURY HURAGH.
  1294 | D:2      | Identified a scroll of acquirement
  1294 | D:2      | 1294 ||| ACQUIRING +1 sling "Dragonslayer" {freeze, rF++
                  | rC+ Str+3}
  1294 | D:2      | Acquired the +1 sling "Dragonslayer" {freeze, rF++ rC+
                  | Str+3}
  1296 | D:2      | 1296 ||| SWAPPING to +1 sling "Dragonslayer" {freeze, rF++
                  | rC+ Str+3, mikee}.
  1312 | D:3      | 1312 ||| PLANNING SEWER
  1411 | D:3      | Reached skill level 8 in Ranged Weapons
  1516 | D:3      | 1516 ||| SWAPPING to +0 orcbow.
  1517 | D:3      | 1517 ||| DROPPING +0 shortbow of freezing.
  1557 | D:3      | Found a glowing drain.
  1569 | D:3      | 1569 ||| UPGRADING to ring of see invisible.
  1570 | D:3      | 1570 ||| READING scroll of identify.
  1570 | D:3      | 1570 ||| IDENTIFYING murky red potion
  1571 | D:3      | 1571 ||| READING scroll labelled KICWOE VOAGUJ.
  1571 | D:3      | 1571 ||| ENCHANTING +0 ring mail.
  1572 | D:3      | 1572 ||| DRINKING 2 grey potions.
  1578 | Sewer    | Entered a sewer
  1651 | Sewer    | Reached XP level 5. HP: 29/29 MP: 7/7
  1702 | Sewer    | HP: 5/29 [river rat (5)]
  1703 | Sewer    | 1703 ||| READING scroll of teleportation.
  1704 | Sewer    | 1704 ||| DRINKING potion of heal wounds.
  1746 | Sewer    | Reached skill level 9 in Ranged Weapons
  1784 | Sewer    | Reached skill level 3 in Dodging
  1784 | Sewer    | Reached XP level 6. HP: 28/34 MP: 6/8
  2301 | Sewer    | 2301 ||| READING scroll labelled ILOFOYRREE.
  2301 | Sewer    | 2301 ||| ENCHANTING +0 orcbow.
  2302 | Sewer    | 2302 ||| DRINKING 2 cyan potions.
  2302 | Sewer    | Gained mutation: Your health recovers twice as slowly from
                  | being drained. [potion of mutation]
  2302 | Sewer    | Gained mutation: You are frail. (-10% HP) [potion of
                  | mutation]
  2302 | Sewer    | Gained mutation: You are agile. (Dex +4, Str/Int -1)
                  | [potion of mutation]
  2303 | Sewer    | 2303 ||| DRINKING potion of mutation.
  2303 | Sewer    | Lost mutation: Your health recovers twice as slowly from
                  | being drained. [potion of mutation]
  2303 | Sewer    | Lost mutation: You are frail. (-10% HP) [potion of
                  | mutation]
  2303 | Sewer    | Lost mutation: You are agile. (Dex +4, Str/Int -1) [potion
                  | of mutation]
  2303 | Sewer    | Gained mutation: You have sharp toenails. [potion of
                  | mutation]
  2303 | Sewer    | Gained mutation: You expend magic power (3 MP) to
                  | strengthen your wands. [potion of mutation]
  2303 | Sewer    | Gained mutation: You are agile. (Dex +4, Str/Int -1)
                  | [potion of mutation]
  2316 | Sewer    | 2316 ||| DRINKING 2 fuming silvery potions.
  2317 | Sewer    | 2317 ||| DRINKING 2 pink potions.
  2318 | Sewer    | 2318 ||| DROPPING potion of brilliance.
  2350 | D:3      | 2350 ||| PLANNING D:1-11
  2426 | D:3      | Identified the +7 hand axe "Zoiji" {freeze, rC+ rCorr
                  | Str-4}
  2446 | D:3      | 2446 ||| FLEEEEING.
  2602 | D:3      | 2602 ||| SWAPPING to +0 longbow.
  2603 | D:3      | 2603 ||| DROPPING +1 sling "Dragonslayer" {freeze, rF++ rC+
                  | Str+3, mikee}.
  2604 | D:3      | 2604 ||| DROPPING +1 orcbow.
  2759 | D:3      | 2759 ||| READING 3 scrolls of identify.
  2759 | D:3      | 2759 ||| IDENTIFYING black potion
  2760 | D:3      | 2760 ||| READING 2 scrolls of identify.
  2760 | D:3      | 2760 ||| IDENTIFYING 2 scrolls labelled POEQE YPONI
  2761 | D:3      | 2761 ||| DROPPING 2 scrolls of immolation.
  2776 | D:4      | 2776 ||| PLANNING OSSUARY
  2818 | D:4      | Reached skill level 10 in Ranged Weapons
  2826 | D:4      | Reached XP level 7. HP: 22/40 MP: 9/9
  3103 | D:4      | HP: 9/40 [gnoll/+0 halberd[a gnoll bouda] (3)]
  3104 | D:4      | 3104 ||| READING scroll of teleportation.
  3107 | D:4      | Reached skill level 11 in Ranged Weapons
  3108 | D:4      | HP: 9/40 [hound (1)]
  3315 | D:4      | Identified the +4 ring mail of Inaction {rPois rF+ Will++
                  | Str-3}
  3393 | D:4      | 3393 ||| RIP OSSUARY
  3396 | D:4      | 3396 ||| PLANNING D:1-11
  3403 | D:4      | 3403 ||| READING scroll of brand weapon.
  3403 | D:4      | 3403 ||| BRANDING +0 longbow.
  3641 | D:4      | 3641 ||| UPGRADING to +4 ring mail of Inaction {rPois rF+
                  | Will++ Str-3}.
  3651 | D:4      | 3651 ||| DROPPING +1 ring mail.
  3665 | D:5      | Entered Level 5 of the Dungeon
  3808 | D:5      | Noticed Menkaure
  3809 | D:5      | 3809 ||| ZAPPING wand of quicksilver (8) at -1,-3
                  | (Menkaure; floor).
  3810 | D:5      | 3810 ||| ZAPPING wand of quicksilver (7) at -1,-3
                  | (Menkaure; floor).
  3810 | D:5      | Killed Menkaure
  3811 | D:5      | Reached skill level 12 in Ranged Weapons
  3898 | D:5      | Found a shimmering blue altar of Sif Muna.
  3902 | D:5      | Found a bloodstained altar of Trog.
  3921 | D:5      | Reached XP level 8. HP: 44/44 MP: 10/10
  3923 | D:5      | Reached skill level 1 in Armour
  4073 | D:5      | Identified the +1 pair of gloves of the Beginning {rF+}
  4213 | D:5      | Reached skill level 3 in Fighting
  4264 | D:5      | 4264 ||| FLEEEEING.
  4270 | D:5      | 4270 ||| FLEEEEING.
  4271 | D:5      | 4271 ||| FLEEEEING.
  4272 | D:5      | 4272 ||| FLEEEEING.
  4273 | D:5      | 4273 ||| FLEEEEING.
  4274 | D:5      | 4274 ||| FLEEEEING.
  4320 | D:5      | 4320 ||| UPGRADING to +1 pair of gloves of the Beginning
                  | {rF+}.
  4325 | D:5      | 4325 ||| READING 2 scrolls of identify.
  4325 | D:5      | 4325 ||| IDENTIFYING smoky emerald potion
  4326 | D:5      | 4326 ||| READING scroll of identify.
  4326 | D:5      | 4326 ||| IDENTIFYING scroll labelled VOXTIBBA KOID
  4327 | D:5      | 4327 ||| DROPPING scroll of fear.
  4388 | D:6      | Found a white marble altar of Elyvilon.
  4419 | D:6      | Noticed Prince Ribbit
  4429 | D:6      | Killed Prince Ribbit
  4430 | D:6      | Reached skill level 13 in Ranged Weapons
  4451 | D:6      | Noticed Edmund
  4458 | D:6      | Killed Edmund
  4509 | D:6      | Reached skill level 14 in Ranged Weapons
  5267 | D:7      | Reached XP level 9. HP: 35/50 MP: 11/11
  5270 | D:7      | Reached skill level 6 in Dodging
  5383 | D:7      | Found a glowing silver altar of Zin.
  5429 | D:7      | Found a staircase to the Ecumenical Temple.
  5430 | D:7      | 5430 ||| PLANNING TEMPLE
  5435 | Temple   | Entered the Ecumenical Temple
  5436 | Temple   | 5436 ||| PLANNING OKAWARU WORSHIP
  5450 | Temple   | Became a worshipper of Warmaster Okawaru
  5451 | Temple   | 5451 ||| PLANNING D:1-11
  5731 | D:7      | Found a shadowy altar of Dithmenos.
  5914 | D:7      | Found a shimmering altar of Xom.
  5921 | D:7      | Reached skill level 15 in Ranged Weapons
  5990 | D:7      | Noticed a gargoyle
  5992 | D:7      | HP: 7/51 [gargoyle/+0 flail (20)]
  5993 | D:7      | 5993 ||| READING 3 scrolls of teleportation.
  5993 | D:7      | Killed from afar by a gargoyle

Levels and vault maps discovered:
D:1:      dpeg_arrival_pits, layout_rooms, shapermc_ecumenical_altar_acropolis
D:2:      cheibrodos_greedy_goblins, layout_loops_ring
D:3:      layout_basic, gup_sewer_entry_pipe, minmay_starry_boxes
D:4:      layout_cave_pools, mainiacjoe_ossuary_entry_dusty_tomb,
          minmay_fractal_squares_gapless_5
D:5:      layout_basic, hellmonk_overflow_destroyed_library,
          serial_bayou_crossing, uniq_menkaure
D:6:      layout_gridville, elyvilon_altar_5, uniq_edmund, uniq_prince_ribbit1
D:7:      cheibrodos_statue_roulette, layout_basic, mainiacjoe_overflow_swirl,
          regret_index_xom_of_box, minmay_temple_entry_fiery
Temple:   compressed_dpeg_circular_temple

Skill      XL: |  1  2  3  4  5  6  7  8  9 |
---------------+----------------------------+-----
Ranged Weapons | 6 7 8 9 10 12 14 15 | 15.0
Dodging        | 3 4 5 6 |  6.0
Fighting       | 2 3 |  3.3
Armour         | 1 |  1.1
Stealth        | |  1.2

Action                     |  1- 3 |  4- 6 |  7- 9 || total
---------------------------+-------+-------+-------++-------
   Fire: Shortbow          |    76 |     7 |       ||    83
         Orcbow            |       |   153 |       ||   153
         Sling             |       |    27 |       ||    27
         Longbow           |       |    23 |   208 ||   231
  Evoke: Wand              |       |       |     2 ||     2
    Use: Scroll            |     1 |    12 |     5 ||    18
         Potion            |       |     6 |       ||     6
 Armour: Leather armour    |     7 |       |       ||     7
         Ring mail         |    10 |    41 |    53 ||   104
  Dodge: Dodged            |    14 |    46 |    63 ||   123

Table legend:
 A = Non-vault XP
 B = Vault XP
 C = Vault XP percentage of total XP
 D = Non-vault monster count
 E = Vault monster count
 F = Vault count percentage of total count
                 A         B        C        D         E       F
            +---------+---------+-------+---------+---------+-------
      Total |    2279 |    1393 |  37.9 |     124 |      56 |  31.1
            +---------+---------+-------+---------+---------+-------
        D:1 |      35 |       0 |   0.0 |      18 |       0 |   0.0
        D:2 |      50 |      18 |  26.5 |      13 |       9 |  40.9
        D:3 |      57 |      29 |  33.7 |      10 |      14 |  58.3
        D:4 |     511 |     147 |  22.3 |      32 |       6 |  15.8
        D:5 |     617 |     172 |  21.8 |      30 |       1 |   3.2
        D:6 |     386 |     423 |  52.3 |       9 |       2 |  18.2
        D:7 |     623 |     278 |  30.9 |      12 |       2 |  14.3
      Sewer |       0 |     326 | 100.0 |       0 |      22 | 100.0
            +---------+---------+-------+---------+---------+-------
